 Dungeon Crawl Stone Soup version 0.18-a0-1560-ge216ca8 (webtiles) character file.

22 Gorice the Skirmisher (level 2, 0/24 HPs)
             Began as a Demonspawn Abyssal Knight on Mar 12, 2016.
             Was a Follower of Lugonu.
             Succumbed to an adder's poison
             ... on level 2 of the Dungeon.
             The game lasted 00:03:00 (583 turns).

Gorice the Skirmisher (Demonspawn Abyssal Knight)    Turns: 583, Time: 00:03:00

Health: 0/24       AC:  8    Str: 10 (12) XL:     2   Next: 68%
Magic:  3/3        EV:  4    Int: 11 (13) God:    Lugonu [*.....]
Gold:   24         SH:  0    Dex:  9 (12) Spells: 0 memorised, 1 level left

rFire  . . .     SeeInvis .     a - +1 falchion
rCold  . . .     Gourm    .     h - +0 chain mail
rNeg   . . .     Faith    .     (no shield)
rPois  .         Spirit   .     (no helmet)
rElec  .         Dismiss  .     (no cloak)
rCorr  .         Reflect  .     (no gloves)
SustAt .         Harm     .     (no boots)
MR     .....                    (no amulet)
Stlth  ..........               (no ring)
                                (no ring)

@: lethally poisoned (0 -> -2), not resistant to hostile enchantments, extremely
unstealthy
A: rot immunity
a: Depart the Abyss, Renounce Religion


You were on level 2 of the Dungeon.
You worshipped Lugonu.
Lugonu was aware of your devotion.
You were not hungry.

You visited 1 branch of the dungeon, and saw 2 of its levels.
You visited the Abyss 1 time.

You collected 24 gold pieces.

Inventory:

Hand Weapons
 a - a +1 falchion (weapon)
Missiles
 i - 13 poisoned needles
 Z - 2 stones (quivered)
Armour
 b - a +0 leather armour
 h - a +0 chain mail (worn)
Comestibles
 c - a bread ration {!e}
 f - a royal jelly
 j - a meat ration {!e}
 l - 3 chunks of flesh


   Skills:
 - Level 3.0 Fighting
 * Level 2.8 Long Blades
 + Level 2.0 Armour
 - Level 0.8 Dodging
 - Level 2.4 Invocations


You had one spell level left.
You didn't know any spells.

Dungeon Overview and Level Annotations

Branches:
Dungeon (2/15)

Altars:
The Shining One


Innate Abilities, Weirdness & Mutations

You are immune to rotting.


Message History

You slash the bat!
You kill the bat!
Lugonu accepts your kill.
A rat comes into view.
* * * LOW HITPOINT WARNING * * *
You feel sick.
The rat moves out of view.
Damage: 1 (max 5) Unknown command.
* * * LOW HITPOINT WARNING * * *
You feel sick.
There is a large open door here.
Damage: 1 (max 5) Which direction?
You close the large door.
There is a lethal amount of poison in your body!
There is a lethal amount of poison in your body!
Eat which item? (? for menu, Esc to quit)
Okay, then.
Read which item? (? for menu, Esc to quit)
As you read the scroll labeled ALURID YNICIE, it crumbles to dust.
It is a scroll of identify.
Identify which item? (\ to view known items) (? for menu, Esc to quit)
g - a scroll of teleportation Read which item? (? for menu, Esc to quit)
Really read
g - a scroll of teleportation {!r}?
As you read the scroll of teleportation {!r}, it crumbles to dust.
You feel strangely unstable.
* * * LOW HITPOINT WARNING * * *
You feel sick.
Damage: 1 (max 5) Unknown command.
Eat which item? (? for menu, Esc to quit)
Okay, then.
Read which item? (? for menu, Esc to quit)
Blink to where?
Press: ? - help, Dir - move target cursor You can't see that place. [the floor.] Sorry, you can't target what you can't see.
Are you sure you want to cancel this blink?
Blink to where?
Press: ? - help, Dir - move target cursor, f - you Are you sure you want to cancel this blink?
Okay, then.
As you read the scroll labeled QESTOM TUYSMUT, it crumbles to dust.
It was a scroll of blinking.
There is a lethal amount of poison in your body!
There is a lethal amount of poison in your body!
Your surroundings suddenly seem different.
You die...

.# .# .+
### ..#
#.# #.#
#@#
..<.....#
#########


There were no monsters in sight!

Vanquished Creatures
  An adder (D:2)
  A dart slug (D:2)
  2 hobgoblins (D:2)
  2 jackals (D:2)
  A kobold (D:1)
  2 bats
  2 giant newts
11 creatures vanquished.

Notes
Turn   | Place    | Note
--------------------------------------------------------------
     0 | Abyss:1  | Gorice the Demonspawn Abyssal Knight began the quest for the Orb.
     0 | Abyss:1  | Reached XP level 1. HP: 18/18 MP: 2/2
    15 | D:1      | Escaped the Abyss
   169 | D:1      | Reached skill level 2 in Long Blades
   205 | D:1      | You fall through a shaft!
   520 | D:2      | Gained mutation: You are immune to rotting. [demonic ancestry]
   520 | D:2      | Reached XP level 2. HP: 24/24 MP: 3/3
   535 | D:2      | Found a glowing golden altar of the Shining One.
   562 | D:2      | HP: 6/24 [adder (2)]
   563 | D:2      | Reached skill level 2 in Armour
   568 | D:2      | HP: 3/24 [poisoned by an adder]
   575 | D:2      | HP: 2/24 [poisoned by an adder]
   583 | D:2      | Succumbed to an adder's poison

Vault maps used:
D:1:      saegor_arrival_simple_f
D:2:      makhleb_heckhound_becter, nicolae_overflow_hidden_temple, first_bread,
          uniq_natasha, uniq_sigmund

Skill      XL: |  1  2 |
---------------+-------+-----
Long Blades    | 2 |  2.8
Armour         | 2 |  2.0
Fighting       | |  3.0
Dodging        | |  0.8
Invocations    | |  2.4

Action                   || total
-------------------------++-------
Melee: Falchion          ||    49
  Use: Scroll            ||     3
       Potion            ||     1

Table legend:
 A = Turns spent in this place as a percentage of turns spent in the entire game.
 B = Non-inter-level travel turns spent in this place as a percentage of non-inter-level travel turns spent in the entire game.
 C = Inter-level travel turns spent in this place as a percentage of turns spent in this place.
 D = Turns resting spent in this place as a percentage of non-inter-level travel turns spent in this place.
 E = Turns spent auto-exploring this place as a percentage of non-inter-level travel turns spent in this place.
 F = Non-inter-level travel turns spent in this place divided by the number of levels of this place that you've seen.
                   A       B       C       D       E      F
               +-------+-------+-------+-------+-------+----------------------
         Total | 100.0 | 100.0 |   0.0 |   1.0 |   5.4 |  67.7
       Dungeon |  92.6 |  92.6 |   0.0 |   1.1 |   5.9 |  94.0
         Abyss |   7.4 |   7.4 |   0.0 |   0.0 |   0.0 |  15.0
               +-------+-------+-------+-------+-------+----------------------

Vault maps used:
D:1:      saegor_arrival_simple_f
D:2:      makhleb_heckhound_becter, nicolae_overflow_hidden_temple, first_bread,
          uniq_natasha, uniq_sigmund
